 Dungeon Crawl Stone Soup version 0.18-a0-1630-g6d03055 (webtiles) character file.

98 valsik64 the Digger (level 4, -2/26 HPs)
             Began as a Gargoyle Earth Elementalist on Mar 25, 2016.
             Slain by an adder (3 damage)
             ... on level 3 of the Dungeon.
             The game lasted 00:10:01 (2940 turns).

valsik64 the Digger (Gargoyle Earth Elementalist)   Turns: 2940, Time: 00:10:01

Health: -2/26      AC:  6    Str: 12    XL:     4   Next: 71%
Magic:  2/7        EV: 14    Int: 16    God:
Gold:   117        SH:  0    Dex: 12    Spells: 1 memorised, 6 levels left

rFire  . . .     SeeInvis .     k - +0 whip (drain)
rCold  . . .     Gourm    .     q - +0 leather armour
rNeg   + . .     Faith    .     (no shield)
rPois  ∞         Spirit   .     (no helmet)
rElec  +         Dismiss  .     (no cloak)
rCorr  .         Reflect  .     (no gloves)
SustAt .         Harm     .     (no boots)
MR     .....                    (no amulet)
Stlth  ++........               l - +2 ring of dexterity
                                u - +3 ring of evasion

@: not resistant to hostile enchantments, unstealthy
A: negative energy resistance 1, electricity resistance, unbreathing,
petrification resistance, rot immunity, AC +3
a: no special abilities


You were on level 3 of the Dungeon.
You were hungry.

You visited 1 branch of the dungeon, and saw 3 of its levels.

You collected 117 gold pieces.

Inventory:

Hand Weapons
 a - a +0 club
 k - a +0 whip of draining (weapon)
Missiles
 b - 100 stones (quivered)
 e - 36 poisoned needles
 s - 8 needles of sleeping
Armour
 f - a +0 robe
 q - a +0 leather armour (worn)
Jewellery
 l - a +2 ring of dexterity (right hand)
 u - a +3 ring of evasion (left hand)
Scrolls
 g - 2 scrolls of remove curse {unknown}
 h - 5 scrolls of teleportation {unknown}
 j - a scroll of identify {unknown}
 n - a scroll of magic mapping {unknown}
 o - a scroll of recharging {unknown}
 p - 4 scrolls of enchant armour {unknown}
Books
 c - a book of Geomancy

   Spells                             Type                      Level
   a - Sandblast                      Earth                        1
   b - Passwall                       Transmutation/Earth          2
   c - Stone Arrow                    Conjuration/Earth            3
   d - Petrify                        Transmutation/Earth          4
   e - Lee's Rapid Deconstruction     Earth                        5
Comestibles
 d - 3 bread rations


   Skills:
 - Level 2.2 Fighting
 - Level 1.5 Dodging
 - Level 2.1 Stealth
 - Level 2.0 Spellcasting
   Level 0.7 Transmutations
 + Level 5.7 Earth Magic


You had 6 spell levels left.
You knew the following spells:

 Your Spells              Type           Power        Failure   Level  Hunger
a - Sandblast             Erth           ###...       2%          1    #......


Dungeon Overview and Level Annotations

Branches:
Dungeon (3/15)

Altars:
Qazlal
The Shining One


Innate Abilities, Weirdness & Mutations

You are resistant to torment.
Your stone body is resilient (AC +3).
You are immune to poison.
You resist negative energy.
You are resistant to electric shocks.
You can survive without breathing.
You are immune to petrification.
You are immune to rotting.


Message History

You hit the adder.
You kill the adder!
The adder closely misses you. The orc closely misses you.
The adder completely misses you. The orc barely misses you.
You barely miss the orc. The adder bites you.
* * * LOW HITPOINT WARNING * * *
The orc hits you but does no damage. The orc hits you.
* * * LOW HITPOINT WARNING * * *
You barely miss the orc. The adder bites you.
* * * LOW HITPOINT WARNING * * *
The orc closely misses you. The orc hits you but does no damage.
The adder closely misses you.
You hit the orc.
The orc is moderately wounded.
The adder completely misses you. The orc barely misses you.
The orc completely misses you.
You hit the orc.
The orc is almost dead.
The adder bites you.
You die...

.######## #..#
.......## .
#### ####...#
...# ...#
###########
###.@o......+
#.#..So#..#####
#....#.#..#
#......<..#
#.........#
#............
#....##........
#.... #......h.
......
##.......


You could see an adder and 2 orcs.

Vanquished Creatures
  4 adders
  4 worms
  A dart slug (D:2)
  An orc (D:3)
  3 bats (D:1)
  3 giant cockroaches
  6 goblins
  8 hobgoblins
  2 quokkas
  A ball python (D:1)
  2 giant newts
  4 kobolds
  11 rats
50 creatures vanquished.

Notes
Turn   | Place    | Note
--------------------------------------------------------------
     0 | D:1      | valsik64 the Gargoyle Earth Elementalist began the quest for the Orb.
     0 | D:1      | Reached XP level 1. HP: 10/10 MP: 3/3
   405 | D:1      | Reached skill level 4 in Earth Magic
   545 | D:1      | Reached XP level 2. HP: 15/15 MP: 0/5
  1436 | D:1      | Reached skill level 1 in Fighting
  1436 | D:1      | Reached XP level 3. HP: 20/20 MP: 6/6
  1654 | D:2      | Found a faded altar to an unknown god.
  1665 | D:2      | Found a glowing golden altar of the Shining One.
  1666 | D:2      | Found a stormy altar of Qazlal.
  2137 | D:2      | Reached skill level 5 in Earth Magic
  2137 | D:2      | Reached XP level 4. HP: 19/26 MP: 2/7
  2499 | D:3      | HP: 1/26 [orc wizard/magic dart (9)]
  2938 | D:3      | HP: 1/26 [adder (2)]
  2940 | D:3      | Slain by an adder

Vault maps used:
D:1:      minmay_arrival_stone_box
D:2:      overflow_temple_1_default, lemuel_crystal_altar, ecumenical_altar_2,
          first_bread, serial_forest, infiniplex_forest_corner_1,
          infiniplex_forest_lined_room_3, infiniplex_forest_lined_room_3,
          infiniplex_forest_clump_tiny, infiniplex_forest_straight_3,
          minmay_misc_feat_hallway
D:3:      marbit_many_paths, lemuel_coloured_pillars_altar, vehumet_crystals

Skill      XL: |  1  2  3 |
---------------+----------+-----
Earth Magic    | 4 5 |  5.7
Fighting       | 1 2 |  2.2
Dodging        | |  1.5
Stealth        | |  2.1
Spellcasting   | |  2.0
Transmutations | |  0.7

Action                   |  1- 3 |  4- 6 || total
-------------------------+-------+-------++-------
Melee: Unarmed           |     9 |       ||     9
       Whip              |    46 |    46 ||    92
       Club              |     6 |       ||     6
 Cast: Sandblast         |    55 |    16 ||    71
  Use: Potion            |       |     3 ||     3
 Stab: Sleeping          |     2 |     1 ||     3
  Eat: Chunk             |     5 |     2 ||     7
